 Dungeon Sprint DCSS version 0.31-a0-1-g4198be8af4 (webtiles) character file.

Game seed: 7354076858555551469

469 123456 the Fighter (level 6, 0/67 HPs)
             Began as a Minotaur Fighter on May 1, 2023.
             Was an Initiate of Makhleb.
             Slain by a centaur warrior (2 damage)
             ... in the Dungeon (Sprint I: "Red Sonja").
             The game lasted 00:00:49 (228 turns).

123456 the Fighter (Minotaur Fighter)                Turns: 228, Time: 00:00:50

Health: 0/67       AC:  8    Str: 20    XL:     6   Next: 82%
Magic:  5/5        EV: 12    Int:  5    God:    Makhleb [......]
Gold:   187        SH:  4    Dex: 12    Spells: 5/5 levels left

rFire   . . .        a - +0 flail
rCold   . . .        c - +0 buckler
rNeg    . . .        b - +0 scale mail
rPois   .            (helmet restricted)
rElec   .            (no cloak)
rCorr   .            (no gloves)
SInv    .            (no boots)
Will    .....        (no amulet) Stlth
                     (no ring)
HPRegen 0.31/turn    (no ring)
MPRegen 0.09/turn

%: no teleportation
@: very slow
A: horns 2, retaliatory headbutt
a: Renounce Religion


You were in the Dungeon.
You worshipped Makhleb.
Makhleb was noncommittal.
You visited 1 branch You collected 187 gold pieces.

Inventory:

Hand Weapons
 a - a +0 flail (weapon)
Armour
 b - a +0 scale mail (worn)
 c - a +0 buckler (worn)
Wands
 k - a wand of polymorph (13)
Scrolls
 j - a scroll of blinking
Potions
 d - a potion of might
 e - a potion of curing
 f - a potion of heal wounds
 g - a potion of haste
 h - 2 potions of magic
 i - a potion of berserk rage


   Skills:
 * Level 10.8 Fighting
 * Level 10.4 Maces & Flails
 + Level 7.9 Armour
 + Level 6.4 Dodging
 - Level 3.6 Shields


You had 5 spell levels left.
You didn't know any spells.
Your spell library was empty.

Dungeon Overview and Level Annotations

Branches:
Dungeon (1/1)

Altars:
Makhleb
Sif Muna
Vehumet
Wu Jian
Xom
Jiyva
Lugonu


Innate Abilities, Weirdness & Mutations

You have a pair of horns on your head.
You reflexively headbutt those who attack you in melee.


Message History

The centaur warrior barely misses you. x2
The centaur warrior hits you but does no damage.
You block the centaur warrior's attack. The centaur warrior hits you.
* * * LOW HITPOINT WARNING * * *
The centaur warrior kicks you but does no damage.
Your unstable footing causes you to fumble your attack.
The centaur warrior barely misses you.
The centaur warrior kicks you but does no damage.
The centaur warrior hits you!
* * * LOW HITPOINT WARNING * * *
The centaur warrior kicks you but does no damage.
You block the centaur warrior's attack. The centaur warrior misses you.
Unknown command.
You thump the centaur warrior!
The centaur warrior is severely wounded.
The centaur warrior hits you.
* * * LOW HITPOINT WARNING * * *
The centaur warrior kicks you but does no damage.
The centaur warrior misses you. You furiously retaliate!
You headbutt the centaur warrior!
The centaur warrior completely misses you.
Unknown command.
Your unstable footing causes you to fumble your attack.
You block the centaur warrior's attack. The centaur warrior barely misses you.
You block the centaur warrior's attack.
The centaur warrior kicks you but does no damage.
The centaur warrior hits you.
* * * LOW HITPOINT WARNING * * *
The centaur warrior kicks you but does no damage.
Unknown command.
Unknown command.
Your unstable footing causes you to fumble your attack.
You block the centaur warrior's attack. The centaur warrior kicks you.
* * * LOW HITPOINT WARNING * * *
The centaur warrior closely misses you.
The centaur warrior kicks you but does no damage.
The centaur warrior hits you.
* * * LOW HITPOINT WARNING * * *
The centaur warrior kicks you.
You die...

#################
.#.)').#.)'..#__#
.'..#..'..#..'..+
.#####'#####'#__####
.# #..# #.####§§# .#
#### ##.#§§§c§# .#
#+#_.'§§@c§+ ⌠#
+..._#§§§§§# ##
#_.#+##+#### ##+


You could see 2 centaur warriors.

Vanquished Creatures
  A slime creature (D)
  Sigmund (D)
  An ogre (D)
  A jelly (D)
  Ijyb (D)
5 creatures vanquished.

Notes
Turn   | Place    | Note
-------+----------+-------------------------------------------
     0 | D        | 123456 the Minotaur Fighter began the quest for the Orb.
     0 | D        | Reached XP level 1. HP: 19/19 MP: 0/0
     2 | D        | Noticed Ijyb
     5 | D        | Killed Ijyb
     6 | D        | Reached skill level 5 in Fighting
     6 | D        | Reached XP level 2. HP: 29/29 MP: 1/1
     8 | D        | Noticed an ogre
    12 | D        | Killed an ogre
    13 | D        | Reached skill level 5 in Armour
    13 | D        | Reached XP level 3. HP: 39/39 MP: 2/2
    13 | D        | Reached XP level 4. HP: 47/47 MP: 3/3
    15 | D        | Noticed Sigmund
    19 | D        | Killed Sigmund
    20 | D        | Reached skill level 5 in Dodging
    20 | D        | Reached XP level 5. HP: 57/57 MP: 4/4
    20 | D        | Reached XP level 6. HP: 63/63 MP: 5/5
    46 | D        | Found a burning altar of Makhleb.
    46 | D        | Found a viscous altar of Jiyva.
    46 | D        | Found a shimmering altar of Xom.
    46 | D        | Found a corrupted altar of Lugonu.
    46 | D        | Noticed a slime creature
    55 | D        | Killed a slime creature
    56 | D        | Reached skill level 10 in Fighting
    56 | D        | Reached skill level 10 in Maces & Flails
   178 | D        | Became a worshipper of Makhleb the Destroyer
   183 | D        | Found an ornate altar of the Wu Jian Council.
   183 | D        | Found a shimmering blue altar of Sif Muna.
   185 | D        | Found a radiant altar of Vehumet.
   214 | D        | Noticed a centaur warrior
   218 | D        | Noticed a centaur warrior
   228 | D        | HP: 3/67 [centaur warrior (3)]
   228 | D        | Slain by a centaur warrior

Illustrated notes

Levels and vault maps discovered:
D:        dungeon_sprint_1 [red_sonja_temple_1, red_sonja_temple_small_1]

Skill      XL: |  1  2  3  4  5  6 |
---------------+-------------------+-----
Fighting       | 5 7 9 10 | 10.8
Maces & Flails | 4 6 9 10 | 10.4
Armour         | 4 5 7 |  7.9
Dodging        | 2 3 5 6 |  6.4
Shields        | |  3.6

Action                     |  1- 3 |  4- 6 || total
---------------------------+-------+-------++-------
  Melee: Flail             |     5 |    20 ||    25
         Headbutt          |     2 |     7 ||     9
 Armour: Scale mail        |       |    16 ||    16
  Dodge: Dodged            |     1 |    17 ||    18
  Block: Buckler           |     2 |     8 ||    10

Table legend: (Time is in decaauts)
 A = Elapsed time spent in this place.
 B = Non-inter-level travel time spent in this place.
 C = Inter-level travel time spent in this place.
 D = Time resting spent in this place.
 E = Time spent auto-exploring this place.
 F = Levels seen in this place.
 G = Mean time per level.
                   A        B        C        D        E       F      G
               +--------+--------+--------+--------+--------+-----+--------+
         Total |    229 |    229 |      0 |    132 |      1 |   1 |  229.0 |
       Dungeon |    229 |    229 |      0 |    132 |      1 |   1 |  229.0 |
               +--------+--------+--------+--------+--------+-----+--------+

Top non-repeatable levels by time:
       D: 229 daAuts
